 Dungeon Crawl Stone Soup version 0.31-a0-236-g9a0961fb85 (webtiles) character file.

Game seed: 5281649580781794161

49 qw the Shooter (level 3, -2/29 HPs)
             Began as a Minotaur Hexslinger on July 10, 2023.
             Slain by a gnoll
             ... wielding a +0 club
              (3 damage)
             ... on level 2 of the Dungeon.
             The game lasted 00:00:17 (992 turns).

qw the Shooter (Minotaur Hexslinger)                 Turns: 992, Time: 00:00:17

Health: -2/29      AC:  5    Str: 11 (12) XL:     3   Next: 53%
Magic:  3/3        EV: 10    Int:  8 (10) God:
Gold:   27         SH:  0    Dex: 12 (14) Spells: 3/4 levels left

rFire   . . .        m - +1 sling (heavy)
rCold   . . .        (no shield)
rNeg    . . .        h - +0 ring mail
rPois   .            (helmet restricted)
rElec   .            (no cloak)
rCorr   .            (no gloves)
SInv    .            (no boots)
Will    .....        (no amulet)
Stlth   +            (no ring)
HPRegen 0.24/turn    (no ring)
MPRegen 0.08/turn

%: no passive effects
@: no status effects
A: horns 2, retaliatory headbutt
a: no special abilities


You were on level 2 of the Dungeon.
You visited 1 branch of the dungeon, and saw 2 of its levels.

You collected 27 gold pieces.


Innate Abilities, Weirdness & Mutations

You have a pair of horns on your head.
You reflexively headbutt those who attack you in melee.


   Skills:
 - Level 2.0 Fighting
 - Level 4.1 Ranged Weapons
 + Level 0.0 Armour
 - Level 2.1 Dodging
 - Level 1.0 Spellcasting
 - Level 2.0 Hexes


You had 3 spell levels left.
You knew the following spells:

 Your Spells              Type           Power      Damage    Failure   Level
a - Slow                  Hex            12%        N/A       38%         1

Your spell library contained the following spells:

 Spells                   Type           Power      Damage    Failure   Level
 Inner Flame              Hex/Fire       2%         N/A       88%         3
 Portal Projectile        Hex/Tloc       4%         N/A       88%         3
 Cause Fear               Hex            1%         N/A       99%         4

Inventory:

Hand Weapons
 m - a +1 heavy sling (weapon)
Armour
 h - a +0 ring mail (worn)
Potions
 g - a potion of heal wounds {unknown}
 k - a potion of enlightenment {unknown}

Dungeon Overview and Level Annotations

Branches:
Dungeon (2/15)

Altars:


Message History

Natasha howls an incantation.
You feel troubled.
You shoot a sling bullet. The sling bullet hits the gnoll!
The gnoll is almost dead.
The gnoll barely misses you. The hobgoblin closely misses you.
The gnoll barely misses you.
You shoot a sling bullet. The sling bullet hits the hobgoblin!
You kill the hobgoblin!
The gnoll completely misses you. Natasha claws you.
The gnoll hits you from afar with a +0 halberd.
You shoot a sling bullet. The sling bullet hits Natasha!
Natasha is heavily wounded.
Natasha barely misses you. You furiously retaliate!
You headbutt Natasha!
You kill Natasha!
Natasha yowls pathetically as she dies!
A gnoll comes into view. It is wielding a +0 flail.
You feel your strength returning.
Your Ranged Weapons skill increases to level 4!
You have reached level 3!
Your experience leads to an increase in your attributes!
Your base attributes are Str 12, Int 10, Dex 12.
Increase (S)trength, (I)ntelligence, or (D)exterity?
You feel agile. x2
You shoot a sling bullet. The sling bullet hits the gnoll.
The gnoll is almost dead.
The gnoll closely misses you.
You hear a zap.
You hear a grinding noise.
The gnoll closely misses you.
You shoot a sling bullet.
The sling bullet barely misses the gnoll.
The sling bullet hits the gnoll but does no damage.
The gnoll is almost dead.
The gnoll hits you with a +0 club. The gnoll misses you.
The gnoll hits you from afar with a +0 halberd!
You shoot a sling bullet. The sling bullet hits the gnoll!
The gnoll is severely wounded.
The gnoll barely misses you. The gnoll hits you with a +0 club.
The gnoll hits you from afar with a +0 halberd.
The gnoll hits you with a +0 club.
You die...

..# #.# #.# # #.#
..###. #.#
.....g### #.#
......gg#
##.#######
#@#######.<)......
#g......#....#####.
##.....)........#
#.........#....##.#
#.##......##.#.# #
...........####...
.# #######.## ###.#
## #


You could see 4 gnolls.

Vanquished Creatures
  Natasha (D:2)
  A worm (D:1)
  A dart slug (D:2)
  A ball python (D:1)
  An endoplasm (D:1)
  A goblin (D:1)
  3 hobgoblins
  3 jackals (D:2)
  A quokka (D:1)
  2 bats (D:1)
  2 frilled lizards (D:1)
  2 kobolds
19 creatures vanquished.

Notes
Turn   | Place    | Note
-------+----------+-------------------------------------------
     0 | D:1      | qw the Minotaur Hexslinger began the quest for the Orb.
     0 | D:1      | Reached XP level 1. HP: 16/16 MP: 1/1
     0 | D:1      | 0 ||| qw: Version: 0.3-a-52-g30416fa
     0 | D:1      | 0 ||| qw: Game counter: 4801
     0 | D:1      | 0 ||| qw: Melee chars always use a shield: true
     0 | D:1      | 0 ||| qw: God list: Okawaru
     0 | D:1      | 0 ||| qw: Allow faded altars: false
     0 | D:1      | 0 ||| qw: Do Orc after clearing Dungeon:15 true
     0 | D:1      | 0 ||| qw: Do second Lair branch before Depths: true
     0 | D:1      | 0 ||| qw: Lair rune preference: random
     0 | D:1      | 0 ||| qw: Goals: Normal
     0 | D:1      | 0 ||| PLANNING D:1-11
   248 | D:1      | Reached skill level 3 in Ranged Weapons
   248 | D:1      | Reached XP level 2. HP: 23/23 MP: 2/2
   925 | D:1      | 925 ||| UPGRADING to +0 ring mail.
   935 | D:1      | 935 ||| DROPPING +0 robe.
   936 | D:1      | 936 ||| READING scroll labelled DEQ MEENWAFECS.
   937 | D:1      | 937 ||| READING scroll labelled ENOERYIMUE.
   941 | D:1      | 941 ||| READING scroll labelled ZAOCYK QAMI.
   942 | D:1      | 942 ||| READING scroll labelled FASI ROMALUOC.
   943 | D:1      | 943 ||| READING scroll labelled UCIR ZEDAE.
   944 | D:1      | 944 ||| READING 2 scrolls labelled FISOIV WAAKLA.
   945 | D:1      | 945 ||| DRINKING 2 coppery potions.
   946 | D:1      | 946 ||| DROPPING scroll of poison.
   947 | D:1      | 947 ||| DROPPING potion of degeneration.
   948 | D:1      | 948 ||| DROPPING scroll of amnesia.
   981 | D:2      | Noticed Natasha
   982 | D:2      | 982 ||| Stepping ~*~*~tactically~*~*~ (outnumbered).
   984 | D:2      | 984 ||| Stepping ~*~*~tactically~*~*~ (outnumbered).
   989 | D:2      | Killed Natasha
   990 | D:2      | Reached skill level 4 in Ranged Weapons
   990 | D:2      | Reached XP level 3. HP: 16/29 MP: 3/3
   991 | D:2      | HP: 5/29 [gnoll/+0 halberd (8)]
   992 | D:2      | HP: 1/29 [gnoll/+0 halberd (4)]
   992 | D:2      | Slain by a gnoll

Levels and vault maps discovered:
D:1:      ebering_hopf_link, layout_basic, nicolae_wormholes
D:2:      layout_loops_cross, nrook_loot_triangle, uniq_natasha

Skill      XL: |  1  2 |
---------------+-------+-----
Ranged Weapons | 3 4 |  4.1
Fighting       | 2 |  2.0
Dodging        | |  2.1
Spellcasting   | |  1.0
Hexes          | |  2.0

Action                     || total
---------------------------++-------
   Fire: Sling             ||    46
    Use: Scroll            ||     6
         Potion            ||     1
 Armour: Robe              ||     3
         Ring mail         ||     2
  Dodge: Dodged            ||    20

Table legend:
 A = Non-vault XP
 B = Vault XP
 C = Vault XP percentage of total XP
 D = Non-vault monster count
 E = Vault monster count
 F = Vault count percentage of total count
                 A         B        C        D         E       F
            +---------+---------+-------+---------+---------+-------
      Total |      30 |      41 |  57.7 |      17 |       2 |  10.5
            +---------+---------+-------+---------+---------+-------
        D:1 |      17 |       5 |  22.7 |      11 |       1 |   8.3
        D:2 |      13 |      36 |  73.5 |       6 |       1 |  14.3
            +---------+---------+-------+---------+---------+-------
